 Dungeon Crawl Stone Soup version 0.26-a0-651-gb41185065b (webtiles) character file.

Game seed: 10684823433892652025

1992 kae the Grappler (level 9, -1/64 HPs)
             Began as a Red Draconian Transmuter on Oct 9, 2020.
             Was a Believer of Uskayaw.
             Killed by nerve-wracking pain
             ... invoked by an orc priest
              (10 damage)
             ... on level 5 of the Dungeon.
             The game lasted 00:06:13 (8312 turns).

kae the Grappler (Red Draconian Transmuter)         Turns: 8312, Time: 00:06:13

Health: -1/64      AC:  2    Str: 16    XL:     9   Next: 1%
Magic:  7/12       EV: 19    Int: 14    God:    Uskayaw [**....]
Gold:   152        SH:  0    Dex: 16    Spells: 6/12 levels left

rFire    + . .     SeeInvis .     - Unarmed
rCold    . . .     Faith    .   (shield currently unavailable)
rNeg     . . .     Spirit   .   (armour unavailable)
rPois    x         Reflect  .   (helmet currently unavailable)
rElec    .         Harm     .   (cloak currently unavailable)
rCorr    .         Rampage  .   (gloves currently unavailable)
MR       .....                  (boots currently unavailable)
Stlth    +.........             (no amulet)
HPRegen  0.20/turn              j - ring of protection from fire
MPRegen  0.13/turn              (no ring)

@: spider-form, wereblooded
A: tiny, (breathe fire), unfitting armour, AC +7
a: End Transformation, Stomp, Line Pass, Renounce Religion


You were on level 5 of the Dungeon.
You worshipped Uskayaw.
Uskayaw was noncommittal.
You were a venomous arachnid creature.
You visited 1 branch of the dungeon, and saw 6 of its levels.

You collected 152 gold pieces.

Inventory:

Armour
 l - a +2 cloak (melded)
Jewellery
 j - a ring of protection from fire (left front leg)
Wands
 b - a wand of iceblast (8)
Scrolls
 a - 5 scrolls of remove curse
 c - a scroll of enchant armour
 g - 2 scrolls of fog
Potions
 d - a potion of heal wounds {unknown}
 f - 3 potions of curing
 h - 2 potions of degeneration
 i - 5 potions of mutation {unknown}
 k - 3 potions of might {unknown}
 n - a potion of berserk rage {unknown}


   Skills:
 - Level 1.1 Fighting
 - Level 1.7 Dodging
 * Level 10.1 Unarmed Combat
 - Level 2.0 Spellcasting
 + Level 7.0 Transmutations


You had 6 spell levels left.
You knew the following spells:

 Your Spells              Type           Power        Failure   Level
a - Beastly Appendage     Tmut           ###...       6%          1
b - Wereblood             Tmut           ###.....     8%          2
c - Spider Form           Tmut/Pois      ##........   36%         3

Your spell library contained the following spells:

 Spells                   Type           Power        Failure   Level
 Blade Hands              Tmut           ###.......   58%         5
 Ice Form                 Ice/Tmut       ##......     71%         4


Dungeon Overview and Level Annotations

Branches:
Dungeon (6/15)             Temple (0/1) D:4

Altars:
Fedhas
Makhleb
Okawaru
Ru
Uskayaw
Zin
Beogh

Annotations:
D:2 Sigmund
D:4 1 runed translucent door, p0werm0de's ghost, weakling GrFi


Innate Abilities, Weirdness & Mutations

((You can breathe blasts of fire.))
((Your fiery red scales are hard. (AC +7)))
You cannot fit into any form of body armour.
((Your flesh is heat resistant. (rF+)))
((You are cold-blooded and may be slowed by cold attacks.))


Message History

Casting: Wereblood (safe; 1% risk of failure)
Confirm with . or Enter, or press ? or * to list all spells.
You turn into a venomous arachnid creature.
Your +2 cloak melds into your body.
The orc closely misses you.
You completely miss the orc. The orc barely misses you.
You hit the orc.
You kill the orc!
You hit the orc priest.
The orc priest is poisoned.
The orc priest is moderately wounded.
The orc priest mumbles some strange prayers to Beogh against you.
Pain shoots through your body!
* * * LOW HITPOINT WARNING * * *
You hit the orc priest.
The orc priest is poisoned.
The orc priest is lightly wounded.
You have got your breath back.
The orc priest closely misses you.
The orc priest invokes the aid of Beogh against you.
Pain shoots through your body!
You die...

...####.#8.....#......## ##.>
....##..#..##..#......########...
........#..8#..#.......#.........
........#..##..#......[..........
......###....#.#.........####....
.....## #[...#.'.#..###### ####.
....## #_.8.#.o....# ## ....#
....#ooo...### #. ....#
....#.#s##...#### ##. ....##
..##.o#.##......######.. .....##
..8#..#.#............... ).#...##
..##..#.#..######.......
.###...##8.....#.#..# ###..... ##
##...########8..## ###... #
##...### ##..# #... #
##....#####...# #...
##......#....## #...


You could see 2 orc priests and 3 orcs.

Vanquished Creatures
  The ghost of loralnil the Ruffian, a novice DrTm (D:5)
  Menkaure (D:4)
  An orc warrior (D:6)
  An ice beast (D:5)
  An ogre (D:4)
  2 phantoms (D:5)
  A centaur (D:6)
  A bullfrog (D:6)
  A gnoll sergeant (D:6)
  2 hounds
  3 orc priests
  2 bullfrog skeletons
  2 orc wizards
  5 iguanas
  Natasha (thrice) (D:2)
  3 worker ants (D:5)
  2 howler monkey zombies (D:5)
  12 gnolls
  6 adders
  A shadow imp (D:5)
  A white imp (D:6)
  An ufetubus (D:6)
  An adder zombie (D:6)
  7 worms
  3 dart slugs
  4 leopard geckos
  25 orcs
  3 ball pythons
  9 bats
  8 giant cockroaches
  7 goblins
  5 hobgoblins
  8 jackals
  3 quokkas
  8 frilled lizards
  11 kobolds
  2 leopard gecko skeletons
  A leopard gecko zombie (D:5)
  12 rats
170 creatures vanquished.

Vanquished Creatures (others)
  2 withered plants (D:4)
2 creatures vanquished.

Grand Total: 172 creatures vanquished

Notes
Turn   | Place    | Note
-------+----------+-------------------------------------------
     0 | D:1      | kae the Draconian Transmuter began the quest for the Orb.
     0 | D:1      | Reached XP level 1. HP: 16/16 MP: 3/3
   450 | D:1      | Reached XP level 2. HP: 20/23 MP: 3/5
   645 | D:1      | Learned a level 2 spell: Wereblood
  1007 | D:1      | Reached XP level 3. HP: 28/28 MP: 4/6
  1012 | D:1      | Learned a level 3 spell: Spider Form
  1308 | D:1      | Reached skill level 4 in Unarmed Combat
  1532 | D:2      | Noticed Natasha
  1577 | D:2      | Killed Natasha
  1606 | D:2      | Noticed Natasha
  1742 | D:2      | Killed Natasha
  1742 | D:2      | Reached XP level 4. HP: 19/35 MP: 3/7
  2056 | D:2      | Noticed Natasha
  2068 | D:2      | Killed Natasha
  2068 | D:2      | Reached skill level 5 in Unarmed Combat
  2070 | D:2      | Reached XP level 5. HP: 25/40 MP: 2/8
  2390 | D:2      | Noticed Sigmund
  2637 | D:3      | Found a hide-covered altar of Uskayaw.
  2934 | D:3      | Found an iron altar of Okawaru.
  2934 | D:3      | Found a sacrificial altar of Ru.
  2947 | D:3      | Became a worshipper of Uskayaw the Reveler
  3024 | D:3      | Reached * piety under Uskayaw
  3036 | D:3      | Found a blossoming altar of Fedhas.
  3100 | D:3      | Reached ** piety under Uskayaw
  3106 | D:3      | Reached *** piety under Uskayaw
  3388 | D:3      | Found a burning altar of Makhleb.
  3598 | D:3      | Noticed a blizzard demon
  3599 | D:3      | Found a glowing silver altar of Zin.
  3600 | D:3      | Noticed an angel
  3789 | D:4      | Found a runed translucent door.
  3789 | D:4      | Noticed p0werm0de's ghost (weakling GrFi)
  3890 | D:4      | Reached XP level 6. HP: 46/47 MP: 7/9
  4001 | D:4      | Reached skill level 6 in Unarmed Combat
  4008 | D:4      | Found a staircase to the Ecumenical Temple.
  4009 | D:4      | Noticed Menkaure
  4208 | D:4      | Killed Menkaure
  4208 | D:4      | Your scales start taking on a fiery red colour.
  4208 | D:4      | Reached XP level 7. HP: 24/52 MP: 6/10
  4208 | D:4      | Gained mutation: Your flesh is heat resistant. (rF+) [Red
                  | Draconian growth]
  4536 | D:4      | Reached skill level 7 in Unarmed Combat
  4548 | D:4      | Reached **** piety under Uskayaw
  4846 | D:5      | Entered Level 5 of the Dungeon
  5027 | D:5      | Reached skill level 5 in Transmutations
  5337 | D:5      | Reached skill level 8 in Unarmed Combat
  5606 | D:5      | Reached XP level 8. HP: 49/59 MP: 11/11
  5680 | D:5      | Found a runed translucent gate.
  5681 | D:5      | Found a runed translucent gate.
  5682 | D:5      | Found a runed translucent gate.
  5682 | D:5      | Noticed loralnil's ghost (novice DrTm)
  5693 | D:5      | Identified the +4 hunting sling "Orb Guardian's Foe"
                  | {vorpal, Dex+2}
  5879 | D:5      | Found a roughly hewn altar of Beogh.
  7145 | D:6      | Reached skill level 9 in Unarmed Combat
  8304 | D:5      | Killed loralnil's ghost
  8304 | D:5      | Reached skill level 10 in Unarmed Combat
  8304 | D:5      | Reached XP level 9. HP: 18/64 MP: 9/12
  8312 | D:5      | Killed from afar by an orc priest

Illustrated notes

Levels and vault maps discovered:
D:1:      minmay_arrival_split_and_join, layout_basic, st_stairs_12
D:2:      layout_rooms, uniq_sigmund, uniq_natasha
D:3:      layout_rooms, grunt_temple_overflow_order_and_chaos_2,
          lemuel_doored_altar, chequers_temple_overflow_statue_of_worship,
          nrook_mini_vaults, minmay_fractal_squares_gapless_5
D:4:      layout_loops_ring, minmay_temple_entry_tees, gammafunk_ghost_grave,
          uniq_menkaure
D:5:      layout_layer_cave, biasface_ghost_orc_armoury,
          kennysheep_generic_room_12
D:6:      layout_loops_ring

Skill      XL: |  1  2  3  4  5  6  7  8 |
---------------+-------------------------+-----
Unarmed Combat | 4 5 6 8 10 | 10.1
Transmutations | 3 4 5 7 |  7.0
Fighting       | |  1.1
Dodging        | |  1.7
Spellcasting   | |  2.0

Action                   |  1- 3 |  4- 6 |  7- 9 || total
-------------------------+-------+-------+-------++-------
Melee: Unarmed           |   110 |   174 |   229 ||   513
       Tailslap          |     8 |    19 |     5 ||    32
       Kick              |     5 |    19 |    18 ||    42
       Headbutt          |     7 |     7 |     7 ||    21
       Punch             |     1 |       |     6 ||     7
 Cast: Beastly Appendage |    19 |    22 |    15 ||    56
       Spider Form       |     1 |     6 |    16 ||    23
       Wereblood         |       |       |     1 ||     1
 Abil: Breathe Fire      |       |       |     5 ||     5
  Use: Scroll            |       |     7 |     4 ||    11
       Potion            |       |       |     1 ||     1
 Stab: Paralysed         |       |     2 |     9 ||    11
       Sleeping          |       |     1 |     1 ||     2
Armor: Skin              |    25 |    39 |    48 ||   112
Dodge: Dodged            |    71 |   134 |   171 ||   376

Table legend: (Time is in decaauts)
 A = Elapsed time spent in this place.
 B = Non-inter-level travel time spent in this place.
 C = Inter-level travel time spent in this place.
 D = Time resting spent in this place.
 E = Time spent auto-exploring this place.
 F = Levels seen in this place.
 G = Mean time per level.
                   A        B        C        D        E       F      G
               +--------+--------+--------+--------+--------+-----+--------+
         Total |   8256 |   8006 |    250 |   1785 |   5050 |   6 | 1376.0 |
       Dungeon |   8256 |   8006 |    250 |   1785 |   5050 |   6 | 1376.0 |
               +--------+--------+--------+--------+--------+-----+--------+

Top non-repeatable levels by time:
     D:5: 2170 daAuts
     D:1: 1659 daAuts
     D:6: 1264 daAuts
     D:2: 1251 daAuts
     D:4: 1050 daAuts
     D:3: 861 daAuts
